AoeStats
← REEE JUEGUITO

Arabia

508971637Analyzed
1v1 RM · 8d ago on Sep 24, 2026· 31m 25s· 2 players
Game mode
Random Map
Map size
Tiny (2 player)
Population
200
Speed
Normal
Resources
Standard
Victory
Conquest
Starting age
Dark Age
Ending age
Imperial Age
RankedLock teamsTeams togetherTeam positionsShared explorationLock speedFull tech treeHidden civsTurbo modeCheats
Victory
Defeat
🇹🇷 Malians · Türkiye
1437
+17
🇦🇷 Byzantines · Argentina
1454
-17
xmumy81
7:21 Loom
9:51 Feudal Age
11:07 Man-at-Arms
14:07 Double-Bit Axe
16:21 Fletching
17:19 Padded Archer Armor
21:56 Castle Age
20:32 Gold Mining
21:04 Scale Barding Armor
20:48 Horse Collar
21:43 Bloodlines
22:23 Forging
22:24 Light Cavalry
22:36 Light Cavalry
25:25 Husbandry
27:32 Wheelbarrow
28:13 Chain Barding Armor
29:04 Bow Saw
30:22 Iron Casting
31:46 Town Watch
REEE JUEGUITO
6:59 Loom
9:47 Feudal Age
10:13 Double-Bit Axe
10:09 Horse Collar
17:03 Fletching
22:13 Castle Age
20:54 Gold Mining
21:55 Scale Barding Armor
22:00 Forging
24:24 Chain Barding Armor
24:08 Husbandry
24:54 Wheelbarrow
26:43 Wheelbarrow
29:11 Iron Casting
Connection lost

Rejoining the realm…

Still unreachable

The connection could not be restored.

Session expired

The server has moved on; the page needs a fresh start.